 Dungeon Crawl Stone Soup version 0.27-a0-59-gfbafd837a3 (webtiles) character file.

Game seed: 12115040484415568104

75 Borgoz the Cudgeller (level 4, 0/29 HPs)
             Began as a Gargoyle Berserker on Jan 8, 2021.
             Was a Believer of Trog.
             Slain by a worm (8 damage)
             ... on level 2 of the Dungeon.
             The game lasted 00:03:28 (1902 turns).

Borgoz the Cudgeller (Gargoyle Berserker)           Turns: 1902, Time: 00:03:29

Health: 0/29       AC:  5    Str: 20    XL:     4   Next: 31%
Magic:  4/4        EV: 12    Int:  8    God:    Trog [**....]
Gold:   175        SH:  0    Dex: 10    Spells: 3/3 levels left

rFire    . . .     SeeInvis .   a - +1 mace
rCold    . . .     Faith    +   (no shield)
rNeg     + . .     Spirit   .   b - +0 animal skin
rPois    ∞         Reflect  .   (no helmet)
rElec    +         Harm     .   (no cloak)
rCorr    .         Rampage  .   (no gloves)
Will     .....                  (no boots)
Stlth    ++........             c - amulet of faith
HPRegen  0.09/turn              j - ring of stealth
MPRegen  0.09/turn              (no ring)

@: no status effects
A: negative energy resistance 1, electricity resistance, unbreathing,
petrification resistance, miasma immunity, AC +3
a: Renounce Religion, Berserk, Trog's Hand


You were on level 2 of the Dungeon.
You worshipped Trog.
Trog was pleased with you.
You visited 1 branch of the dungeon, and saw 3 of its levels.

You collected 175 gold pieces.

Inventory:

Hand Weapons
 a - a +1 mace (weapon)
Armour
 b - a +0 animal skin (worn)
Jewellery
 c - an amulet of faith (around neck)
 j - a ring of stealth (left hand)
Scrolls
 e - a scroll of teleportation
Potions
 d - a potion of berserk rage
 f - 3 potions of mutation
 g - a potion of haste
 h - a potion of flight {unknown}
 i - a potion of curing {unknown}


   Skills:
 + Level 3.7 Fighting
 * Level 3.7 Maces & Flails
 + Level 2.6 Armour
 * Level 2.3 Dodging
 + Level 1.3 Stealth


You had 3 spell levels left.
You didn't know any spells.
Your spell library was empty.

Dungeon Overview and Level Annotations

Branches:
Dungeon (3/15)

Altars:
Nemelex Xobeh


Innate Abilities, Weirdness & Mutations

You are resistant to torment.
Your stone body is resilient. (AC +3)
You are immune to poison.
You resist negative energy. (rN+)
You are resistant to electric shocks. (rElec)
You can survive without breathing.
You are immune to petrification.
You are immune to miasma.


Message History

You hit the worm.
The worm is severely wounded.
The worm bites you.
You barely miss the worm.
The worm is heavily wounded.
The worm misses you.
You hit the worm.
The worm is heavily wounded.
The worm bites you.
You are too injured to fight recklessly!
You hit the worm but do no damage.
The worm is heavily wounded.
You barely miss the worm.
The worm is heavily wounded.
The worm bites you.
* * * LOW HITPOINT WARNING * * *
You hit the worm.
The worm is severely wounded.
The worm bites you!
You die...

#..............###.#.######
#...................#.#
##....##..###.#.#####.##
#..#..##...#.##.# #.#
#.###.##..#.#*#.# #.#
#..#..##....# #.# #.#
#.....###.#.# #.# #.#
#.##......#w# *,* #.#
#.##..#####@# *,* #.#
#.##..# #.# *,* #.#
#.##..#####.###.# #.#
#.##............#####.#
#.*#.#####.#######....#
*,*#.# #....?.##.####
*,*#.#***#......##.#
*,*#..,,,.......##g#
*,*#.#***##.....##.#


You could see a worm.

Vanquished Creatures
  2 adders
  2 dart slugs (D:1)
  2 leopard geckos (D:1)
  6 giant cockroaches
  8 hobgoblins
  A quokka (D:3)
  A ball python (D:1)
  9 bats
  3 frilled lizards
  6 goblins
  4 kobolds
  6 rats
50 creatures vanquished.

Notes
Turn   | Place    | Note
-------+----------+-------------------------------------------
     0 | D:1      | Borgoz the Gargoyle Berserker began the quest for the Orb.
     0 | D:1      | Reached XP level 1. HP: 14/14 MP: 1/1
   236 | D:1      | Reached XP level 2. HP: 18/19 MP: 2/2
   495 | D:1      | Reached skill level 1 in Stealth
   619 | D:1      | Reached XP level 3. HP: 19/23 MP: 3/3
   872 | D:1      | Reached ** piety under Trog
  1485 | D:2      | You fall into a shaft and drop 1 floor!
  1486 | D:3      | Found a sparkling altar of Nemelex Xobeh.
  1663 | D:3      | Reached XP level 4. HP: 28/28 MP: 4/4
  1902 | D:2      | Slain by a worm

Illustrated notes

Levels and vault maps discovered:
D:1:      amcnicky_arrival_choice, layout_basic
D:2:      layout_loops_ring
D:3:      layout_rooms, old_standard_altar, kennysheep_generic_room_3

Skill      XL: |  1  2 |
---------------+-------+-----
Dodging        | 2 |  2.3
Stealth        | 1 |  1.3
Fighting       | |  3.7
Maces & Flails | |  3.7
Armour         | |  2.6

Action                   |  1- 3 |  4- 6 || total
-------------------------+-------+-------++-------
Melee: Mace              |    98 |    38 ||   136
       Whip              |    12 |       ||    12
Invok: Berserk           |     1 |       ||     1
  Use: Scroll            |     8 |     1 ||     9
 Stab: Sleeping          |     2 |     1 ||     3
Armor: Animal skin       |    38 |    11 ||    49
Dodge: Dodged            |    79 |    36 ||   115

Table legend: (Time is in decaauts)
 A = Elapsed time spent in this place.
 B = Non-inter-level travel time spent in this place.
 C = Inter-level travel time spent in this place.
 D = Time resting spent in this place.
 E = Time spent auto-exploring this place.
 F = Levels seen in this place.
 G = Mean time per level.
                   A        B        C        D        E       F      G
               +--------+--------+--------+--------+--------+-----+--------+
         Total |   1939 |   1895 |     44 |    258 |   1151 |   3 |  646.3 |
       Dungeon |   1939 |   1895 |     44 |    258 |   1151 |   3 |  646.3 |
               +--------+--------+--------+--------+--------+-----+--------+

Top non-repeatable levels by time:
     D:1: 979 daAuts
     D:2: 650 daAuts
     D:3: 309 daAuts
